 Dungeon Crawl Stone Soup version 0.29.1-1-gd02db6906a (webtiles) character file.

Game seed: 10020462095014952926

60 MisterFreud the Covert (level 4, 0/61 HPs)
             Began as a Gnoll Delver on Oct 7, 2022.
             Slain by an orc
             ... wielding a +2 vorpal hand axe
              (1 damage)
             ... on level 6 of the Dungeon.
             The game lasted 00:01:26 (504 turns).

MisterFreud the Covert (Gnoll Delver)                Turns: 504, Time: 00:01:27

Health: 0/61       AC: 22    Str: 11    XL:     4   Next: 4%
Magic:  5/5        EV:  2    Int: 11    God:
Gold:   20         SH:  0    Dex: 14    Spells: 5/5 levels left

rFire   . . .      SeeInvis .   a - +0 short sword
rCold   . . .      Faith    .   (no shield)
rNeg    . . .      Spirit   .   (body armour currently unavailable)
rPois   +          Reflect  .   (helmet currently unavailable)
rElec   .          Harm     .   (cloak currently unavailable)
rCorr   .          Rampage  .   (gloves currently unavailable)
Will    .....      NoTele   +   (boots currently unavailable)
Stlth   ++++......              (no amulet)
HPRegen 0.20/turn               (no ring)
MPRegen 0.09/turn               (no ring)

@: tree-form
A: stationary, stasis, torment immunity, boosted hp, (fangs 1), strong nose,
distributed training
a: no special abilities


You were on level 6 of the Dungeon.
You were a tree.
You visited 1 branch of the dungeon, and saw 3 of its levels.

You collected 20 gold pieces.

Inventory:

Hand Weapons
 a - a +0 short sword (weapon)
Armour
 b - a +0 leather armour (melded)
Wands
 g - a wand of digging (3)
Scrolls
 c - a scroll of fog
 d - a scroll of magic mapping
 h - 5 scrolls of identify {unknown}


   Skills:
 + Level 6.6 Fighting
 + Level 4.6 Short Blades
 + Level 1.0 Long Blades
 + Level 1.0 Axes
 + Level 1.0 Maces & Flails
 + Level 1.0 Polearms
 + Level 1.0 Staves
 + Level 1.0 Ranged Weapons
 + Level 1.0 Throwing
 + Level 1.0 Armour
 + Level 4.6 Dodging
 + Level 9.6 Stealth
 + Level 1.0 Shields
 + Level 1.0 Unarmed Combat
 + Level 1.0 Spellcasting
 + Level 0.8 Conjurations
 + Level 0.8 Hexes
 + Level 0.8 Summonings
 + Level 0.8 Necromancy
 + Level 0.8 Translocations
 + Level 0.8 Transmutations
 + Level 0.8 Fire Magic
 + Level 0.8 Ice Magic
 + Level 0.8 Air Magic
 + Level 0.8 Earth Magic
 + Level 0.8 Poison Magic
 + Level 1.1 Invocations
 + Level 1.0 Evocations


You had 5 spell levels left.
You didn't know any spells.
Your spell library was empty.

Dungeon Overview and Level Annotations

Branches:
Dungeon (6/15)
 Temple: D:4-7

Altars:
Kikubaaqudgha
Sif Muna
Trog
Zin
The Shining One

Annotations:
D:5 Dowan, Duvessa


Innate Abilities, Weirdness & Mutations

You are a tree.
Your roots penetrate the ground, keeping you stationary.
You cannot be teleported.
You are immune to unholy pain and torment.
Your maximum health is greatly increased.
Your equipment is partially melded.
((You have very sharp teeth.))
Your uncanny sense of smell can sniff out nearby items.
Your experience applies equally to all skills.


Message History

Your Staves skill increases to level 1!
Your Ranged Weapons skill increases to level 1!
Your Throwing skill increases to level 1!
Your Armour skill increases to level 1!
Your Shields skill increases to level 1!
Your Unarmed Combat skill increases to level 1!
Your Spellcasting skill increases to level 1!
Your Invocations skill increases to level 1!
Your Evocations skill increases to level 1!
You have reached level 4!
You feel agile.
Unknown command.
Unknown command.
Unknown command.
You aren't carrying any potions.
Unknown command.
Okay, then.
Unknown command.
Unknown command.
You hit the orc but do no damage. You punch the orc.
The orc is heavily wounded.
The orc hits you but does no damage. The orc barely misses you.
Unknown command.
You hit the orc.
The orc is heavily wounded.
Unknown command.
You hit the orc.
You kill the orc!
The orc barely misses you.
Unknown command.
You hit the orc but do no damage. The orc hits you but does no damage.
Unknown command.
You hit the orc.
The orc is moderately wounded.
The orc hits you but does no damage.
You hit the orc.
The orc is severely wounded.
The orc hits you with a +2 vorpal hand axe.
* * * LOW HITPOINT WARNING * * *
You die...

..>.....# ∆ ....o.... #
....|..!? .. ...$.......
... .....o....
....##########...........
.......)♣oo..............
.../...)########....?....
#######.########....o...<
#####..................
#..........(..<........
...#####################
#


You could see 2 orcs.

Vanquished Creatures
  A hound (D:5)
  An orc priest (D:6)
  An orc (D:6)
3 creatures vanquished.

Notes
Turn   | Place    | Note
-------+----------+-------------------------------------------
     0 | D:5      | Reached skill level 9 in Stealth
     0 | D:5      | MisterFreud the Gnoll Delver began the quest for the Orb.
     0 | D:5      | Reached XP level 1. HP: 23/23 MP: 1/1
     2 | D:6      | Noticed an orc priest
    49 | D:4      | Found a glowing silver altar of Zin.
    49 | D:4      | Found a bloodstained altar of Trog.
    49 | D:4      | Found a shimmering blue altar of Sif Muna.
    49 | D:4      | Found an ancient bone altar of Kikubaaqudgha.
    52 | D:4      | Found a glowing golden altar of the Shining One.
   109 | D:5      | Noticed a hound
   323 | D:4      | Noticed an iguana
   439 | D:5      | Killed a hound
   440 | D:5      | Reached XP level 2. HP: 23/29 MP: 1/3
   440 | D:5      | Reached XP level 3. HP: 28/35 MP: 1/4
   456 | D:5      | Noticed Duvessa
   456 | D:5      | Noticed Dowan
   499 | D:6      | Reached skill level 1 in Long Blades
   499 | D:6      | Reached skill level 1 in Axes
   499 | D:6      | Reached skill level 1 in Maces & Flails
   499 | D:6      | Reached skill level 1 in Polearms
   499 | D:6      | Reached skill level 1 in Staves
   499 | D:6      | Reached skill level 1 in Ranged Weapons
   499 | D:6      | Reached skill level 1 in Throwing
   499 | D:6      | Reached skill level 1 in Armour
   499 | D:6      | Reached skill level 1 in Shields
   499 | D:6      | Reached skill level 1 in Unarmed Combat
   499 | D:6      | Reached skill level 1 in Spellcasting
   499 | D:6      | Reached skill level 1 in Invocations
   499 | D:6      | Reached skill level 1 in Evocations
   499 | D:6      | Reached XP level 4. HP: 3/41 MP: 5/5
   504 | D:6      | HP: 1/61 [orc/+2 vorpal hand axe (3)]
   504 | D:6      | Slain by an orc

Illustrated notes

Levels and vault maps discovered:
D:4:      layout_loops_ring, nicolae_overflow_hidden_temple,
          minmay_temple_entry_tees, minivault_5
D:5:      layout_layer_cave, serial_shops, shop_fountains, uniq_duvessa
D:6:      layout_rooms, serial_shops, nicolae_shop_behind_doors,
          nicolae_elevator_lobby_asterisk

Skill      XL: |  1  2  3 |
---------------+----------+-----
Stealth        | |  9.6
Long Blades    | 1 |  1.0
Axes           | 1 |  1.0
Maces & Flails | 1 |  1.0
Polearms       | 1 |  1.0
Staves         | 1 |  1.0
Ranged Weapons | 1 |  1.0
Throwing       | 1 |  1.0
Armour         | 1 |  1.0
Shields        | 1 |  1.0
Unarmed Combat | 1 |  1.0
Spellcasting   | 1 |  1.0
Invocations    | 1 |  1.1
Evocations     | 1 |  1.0
Fighting       | |  6.6
Short Blades   | |  4.6
Dodging        | |  4.6
Conjurations   | |  0.8
Hexes          | |  0.8
Summonings     | |  0.8
Necromancy     | |  0.8
Translocations | |  0.8
Transmutations | |  0.8
Fire Magic     | |  0.8
Ice Magic      | |  0.8
Air Magic      | |  0.8
Earth Magic    | |  0.8
Poison Magic   | |  0.8

Action                   |  1- 3 |  4- 6 || total
-------------------------+-------+-------++-------
Melee: Short sword       |    32 |     6 ||    38
       Bite              |     4 |       ||     4
       Punch             |       |     1 ||     1
  Use: Potion            |     4 |       ||     4
       Scroll            |     1 |       ||     1
Armor: Leather armour    |     3 |       ||     3
       Skin              |    13 |     3 ||    16
Dodge: Dodged            |    17 |     2 ||    19
